 Dungeon Crawl Stone Soup version 0.29.1-2-gbd0b4ee654 (webtiles) character file.

Game seed: 12993768538734388501

55 cdecastro the Stinger (level 3, -3/28 HPs)
             Began as a Naga Venom Mage on Nov 19, 2022.
             Slain by an orc
             ... wielding a +0 mace
              (4 damage)
             ... on level 3 of the Dungeon.
             The game lasted 00:05:35 (2350 turns).

cdecastro the Stinger (Naga Venom Mage)             Turns: 2350, Time: 00:05:35

Health: -3/28      AC:  3    Str: 10    XL:     3   Next: 93%
Magic:  3/6        EV:  9    Int: 17    God:
Gold:   55         SH:  0    Dex: 11    Spells: 3/6 levels left

rFire   . . .      SeeInvis +   g - +0 spear
rCold   . . .      Faith    .   (no shield)
rNeg    . . .      Spirit   .   a - +0 robe
rPois   +          Reflect  .   (no helmet)
rElec   .          Harm     .   (no cloak)
rCorr   .          Rampage  .   o - +0 pair of gloves
Will    .....                   (no barding)
Stlth   ++........              (no amulet)
HPRegen 0.09/turn               (no ring)
MPRegen 0.10/turn               (no ring)

@: very slow
A: AC +1, large, see invisible, deformed body, poison resistance, slowness 2,
spit poison 1, naga tail 1
a: Spit Poison


You were on level 3 of the Dungeon.
You visited 1 branch of the dungeon, and saw 3 of its levels.

You collected 55 gold pieces.

Inventory:

Hand Weapons
 g - a +0 spear (weapon)
 i - a +0 short sword
Missiles
 j - 31 stones
 m - 3 atropa-tipped darts
Armour
 a - a +0 robe (worn)
 l - a +0 leather armour
 o - a +0 pair of gloves (worn)
Scrolls
 d - a scroll of enchant weapon {unknown}
 e - a scroll of torment {unknown}
 f - 2 scrolls of vulnerability {unknown}
 r - a scroll of teleportation {unknown}
Potions
 b - a potion of magic
 c - 2 potions of invisibility {unknown}
 h - a potion of berserk rage {unknown}
 k - a potion of ambrosia {unknown}
 n - a potion of attraction {unknown}
 p - a potion of lignification {unknown}
 q - a potion of mutation {unknown}
 s - a potion of heal wounds {unknown}


   Skills:
 - Level 1.5 Dodging
 + Level 4.3 Stealth
 - Level 2.0 Spellcasting
 - Level 1.0 Transmutations
 * Level 5.6 Poison Magic


You had 3 spell levels left.
You knew the following spells:

 Your Spells              Type           Power      Damage    Failure   Level
a - Sting                 Tmut/Pois      52%        1d5       4%          1
b - Poisonous Vapours     Pois/Air       22%        N/A       10%         2

Your spell library contained the following spells:

 Spells                   Type           Power      Damage    Failure   Level
 Mephitic Cloud           Conj/Pois/Air  8%         N/A       26%         3
 Olgreb's Toxic Radiance  Pois           20%        N/A       19%         4


Dungeon Overview and Level Annotations

Branches:
Dungeon (3/15)

Altars:
Zin

Shops:
D:2 [


Innate Abilities, Weirdness & Mutations

Your serpentine skin is tough. (AC +1)
You have supernaturally acute eyesight. (SInv)
Armour fits poorly on your strangely shaped body.
Your system is resistant to poisons. (rPois)
You cover ground very slowly.
You can spit poison.
You have a snake-like lower body.


Message History

The orc is lightly wounded.
You kill the orc!
The orc barely misses you.
Aiming: Spit Poison (2% risk of failure)
Press: ? - help, Shift-Dir - straight line, f - orc
Aim: an orc, wielding a +0 mace and wearing a +0 leather armour (lightly wounded, 59% to hit)
The splash of poison misses the orc. x2; The orc barely misses you.
Unknown command.
Aiming: Sting (safe; 4% risk of failure)
Press: ? - help, Q - select action, (/) - cycle Shift-Dir - straight line, f/p - orc
Aim: an orc, wielding a +0 mace and wearing a +0 leather armour (lightly wounded, 71% to hit)
The sting hits the orc but does no damage.
The orc is poisoned.
The orc is lightly wounded.
The orc hits you but does no damage.
You hit the orc.
The orc is moderately wounded.
The orc hits you with a +0 mace!
* * * LOW HITPOINT WARNING * * *
You hit the orc but do no damage.
The orc is severely wounded.
You have got your breath back.
The orc hits you with a +0 mace.
* * * LOW HITPOINT WARNING * * *
You hit the orc but do no damage.
The orc is heavily wounded.
The orc barely misses you.
Aiming: Sting (safe; 4% risk of failure)
Press: ? - help, Q - select action, (/) - cycle Shift-Dir - straight line, f/p - orc
Aim: an orc, wielding a +0 mace and wearing a +0 leather armour (severely wounded, poisoned, 71% to hit)
The sting hits the orc but does no damage.
The orc looks even sicker.
The orc is severely wounded.
You kill the orc!
Aiming: Sting (safe; 4% risk of failure)
Press: ? - help, Q - select action, (/) - cycle Shift-Dir - straight line, f - orc
Aim: an orc, wielding a +0 mace and wearing a +0 leather armour (71% to hit)
The sting misses the orc.
The orc hits you with a +0 mace.
You die...

.....#..#
####.#.#..# #..
......# #.# #....#
#.# #....# ###.##
#..†.# .... #....#
###.####....#####
+....)o@........+
#....######.#####
#....#........#
#....#.###.##.#
##..o#.# #.##.#
....#.# #....#
.#...#.###########
......#.##........#
#..#.#.####.#


You could see an orc.

Vanquished Creatures
  An adder (D:2)
  A worm (D:3)
  A dart slug (D:1)
  6 orcs
  A ball python (D:2)
  2 bats
  An endoplasm (D:1)
  A giant cockroach (D:3)
  2 goblins
  4 hobgoblins
  A quokka (D:2)
  3 frilled lizards (D:1)
  4 kobolds
  8 rats
36 creatures vanquished.

Notes
Turn   | Place    | Note
-------+----------+-------------------------------------------
     0 | D:1      | cdecastro the Naga Venom Mage began the quest for the Orb.
     0 | D:1      | Reached XP level 1. HP: 15/15 MP: 3/3
   379 | D:1      | Reached XP level 2. HP: 22/22 MP: 1/5
   428 | D:1      | Found a faded altar of an unknown god.
   985 | D:1      | Learned a level 2 spell: Poisonous Vapours
  1028 | D:2      | Reached skill level 5 in Poison Magic
  1028 | D:2      | Reached XP level 3. HP: 23/28 MP: 3/6
  1280 | D:2      | Found Hezop's Antique Armour Boutique.
  1943 | D:3      | Found a glowing silver altar of Zin.
  2347 | D:3      | HP: 1/28 [orc/+0 mace (3)]
  2350 | D:3      | Slain by an orc

Illustrated notes

Levels and vault maps discovered:
D:1:      eino_arrival_water_cross, layout_rooms,
          chequers_ecumenical_altar_simple, dk_noncrumbling_3
D:2:      layout_basic, serial_shops, shop, minmay_misc_feat_roman
D:3:      lemuel_castle_with_subvaults [lemuel_castle_interior_carwin_2],
          layout_basic, mainiacjoe_overflow_boulevard, grunt_ministairs_14,
          dreamdust_wishing_well

Skill      XL: |  1  2 |
---------------+-------+-----
Stealth        | 4 |  4.3
Poison Magic   | 5 |  5.6
Dodging        | |  1.5
Spellcasting   | |  2.0
Transmutations | |  1.0

Action                   || total
-------------------------++-------
Melee: Spear             ||    54
 Cast: Sting             ||    45
 Abil: Spit Poison       ||     2
Armor: Robe              ||    12
Dodge: Dodged            ||    32
